 Dungeon Crawl Stone Soup version 0.22-a0-259-gdd11e71 (webtiles) character file.

508 KristoblXynda the Magician (level 6, -11/45 HPs)
             Began as a Draconian Venom Mage on Mar 5, 2018.
             Was a Follower of Ashenzari.
             Mangled by a two-headed ogre
             ... wielding a +0 giant club
              (17 damage)
             ... on level 5 of the Dungeon.
             The game lasted 00:10:43 (3710 turns).

KristoblXynda the Magician (Draconian Venom Mage)   Turns: 3710, Time: 00:10:43

Health: -11/45     AC:  7    Str: 10    XL:     6   Next: 98%
Magic:  13/21      EV: 12    Int: 18    God:    Ashenzari [*.....]
Gold:   360        SH:  4    Dex: 11    Spells: 10/14 levels left

rFire    . . .     SeeInvis .   r - +0 whip
rCold    . . .     Gourm    .   l - +0 buckler
rNeg     . . .     Faith    .   (armour unavailable)
rPois    .         Spirit   .   (helmet restricted)
rElec    .         Reflect  .   (no cloak)
rCorr    .         Harm     .   (no gloves)
MR       +....                  j - +0 pair of boots
Stlth    ++........             (no amulet)
HPRegen  0.15/turn              k - ring of protection from magic (curse)
MPRegen  0.17/turn              m - ring of magical power

@: very slightly contaminated
A: unfitting armour, cold-blooded, AC +6
a: Curse Item, Scrying, Renounce Religion


You were on level 5 of the Dungeon.
You worshipped Ashenzari.
Ashenzari was aware of your devotion.
You were not hungry.

You visited 1 branch of the dungeon, and saw 5 of its levels.

You collected 360 gold pieces.

Inventory:

Hand Weapons
 r - a +0 whip (weapon)
Armour
 j - a +0 pair of boots (worn)
 l - a +0 buckler (worn)
Jewellery
 k - a cursed ring of protection from magic (left hand)
 m - a ring of magical power (right hand)
Scrolls
 e - 2 scrolls of brand weapon {unknown}
 g - a scroll of enchant armour {unknown}
 o - 3 scrolls of remove curse
 p - 2 scrolls of teleportation
 t - a scroll of immolation {unknown}
 u - a scroll of identify
Potions
 a - 2 potions of cancellation
 c - 3 potions of haste
 d - 5 potions of flight
 f - a potion of resistance
 h - 2 potions of curing
 n - a potion of heal wounds
Comestibles
 b - 5 rations
 i - 2 chunks of flesh


   Skills:
 - Level 1.7 Dodging
 - Level 1.7 Stealth
 + Level 3.0 Shields
 + Level 4.6 Spellcasting
 + Level 4.5 Conjurations
 - Level 3.0 Poison Magic


You had 10 spell levels left.
You knew the following spells:

 Your Spells              Type           Power        Failure   Level  Hunger
a - Sting                 Conj/Pois      ###.         3%          1    None
b - Mephitic Cloud        Conj/Pois/Air  ##......     16%         3    ###....


Dungeon Overview and Level Annotations

Branches:
Dungeon (5/15)
 Temple: D:4-7

Altars:
Ashenzari
Cheibriados
Elyvilon


Innate Abilities, Weirdness & Mutations

Your plain brown scales are hard. (AC +6)
You cannot fit into any form of body armour.
You are cold-blooded and may be slowed by cold attacks.


Message History

The ball explodes into a vile cloud!
The stinking cloud engulfs the two-headed ogre.
The two-headed ogre is engulfed in noxious fumes.
You barely miss the two-headed ogre.
The two-headed ogre is engulfed in noxious fumes.
The two-headed ogre hits you with a giant club! x2
You completely miss the two-headed ogre.
The two-headed ogre is lightly wounded.
The two-headed ogre is engulfed in noxious fumes.
Casting: Mephitic Cloud (safe; 16% risk of failure)
Confirm with . or Enter, or press ? or * to list all spells.
Aiming: Mephitic Cloud (safe; 16% risk of failure)
Press: ? - help, Shift-Dir - straight line, f/p - two-headed ogre
Aim: a two-headed ogre, wielding two giant clubs (lightly wounded) That beam is likely to hit you.
Continue anyway?
You miscast Mephitic Cloud.
Nothing appears to happen.
The two-headed ogre hits you with a giant club!!
* * * LOW HITPOINT WARNING * * *
The two-headed ogre hits you with a giant club!
You die...

##########'
#.$..ยง.....
#+##.@O.......
#.##..........
#######.............
#...........#######.
#...........#
#...........#
#...........#
#...........##########
#...........##........


You could see a two-headed ogre.

Vanquished Creatures
  The ghost of anet the Cudgeler, an amateur GnWn (D:4)
  A black bear (D:4)
  A scorpion (D:4)
  A worker ant (D:4)
  A gnoll (D:1)
  5 adders
  4 worms
  3 dart slugs
  2 leopard geckos (D:1)
  An orc (D:5)
  A ball python (D:3)
  6 giant cockroaches
  6 goblins
  7 hobgoblins
  6 jackals
  6 bats
  3 frilled lizards
  9 kobolds
  9 rats
73 creatures vanquished.

Notes
Turn   | Place    | Note
-------+----------+-------------------------------------------
     0 | D:1      | KristoblXynda the Draconian Venom Mage began the quest for the Orb.
     0 | D:1      | Reached XP level 1. HP: 14/14 MP: 3/3
    84 | D:1      | Reached XP level 2. HP: 6/20 MP: 1/5
   557 | D:1      | Reached XP level 3. HP: 21/26 MP: 4/7
   906 | D:2      | Found a shattered altar of Ashenzari.
  1116 | D:2      | Became a worshipper of Ashenzari the Shackled
  1328 | D:2      | Learned a level 3 spell: Mephitic Cloud
  1684 | D:2      | Reached XP level 4. HP: 32/33 MP: 8/8
  1893 | D:3      | Found a snail-covered altar of Cheibriados.
  1893 | D:3      | Found a white marble altar of Elyvilon.
  2735 | D:4      | Reached skill level 1 in Shields
  2735 | D:4      | Reached XP level 5. HP: 38/38 MP: 5/10
  2945 | D:4      | Noticed a black bear
  2971 | D:4      | Killed a black bear
  2989 | D:4      | Reached XP level 6. HP: 33/45 MP: 2/12
  3393 | D:4      | Noticed anet's ghost (amateur GnWn)
  3442 | D:4      | Found Yremanif's Antique Armour Shoppe.
  3449 | D:4      | Killed anet's ghost
  3512 | D:5      | Entered Level 5 of the Dungeon
  3523 | D:5      | Noticed a two-headed ogre
  3606 | D:5      | Reached * piety under Ashenzari
  3710 | D:5      | Mangled by a two-headed ogre

Vault maps used:
D:1:      tarquinn_simple_flora_water_d, hangedman_abyss_or_decor_stabs
D:2:      lemuel_doored_altar
D:3:      chequers_temple_overflow_statue_of_worship, kennysheep_another_room
D:4:      serial_shops, nicolae_shop_overgrown_old_shop, st_stairs_9
D:5:      grunt_temple_overflow_holy_war, fedhas_altar_2, first_ration,
          minmay_misc_feat_chi

Skill      XL: |  1  2  3  4  5  6 |
---------------+-------------------+-----
Conjurations   | 2 3 4 |  4.5
Spellcasting   | 3 4 |  4.6
Shields        | 1 2 3 |  3.0
Dodging        | |  1.7
Stealth        | |  1.7
Poison Magic   | |  3.0

Action                   |  1- 3 |  4- 6 || total
-------------------------+-------+-------++-------
Melee: Unarmed           |    62 |       ||    62
       Tailslap          |     8 |    17 ||    25
       Whip              |    13 |   144 ||   157
 Cast: Sting             |    53 |    54 ||   107
       Mephitic Cloud    |       |     2 ||     2
Invok: Curse Item        |     1 |       ||     1
  Use: Scroll            |       |     8 ||     8
       Potion            |       |     5 ||     5
 Stab: Sleeping          |     1 |     1 ||     2
       Invisible         |       |     2 ||     2
  Eat: Chunk             |     3 |     2 ||     5
       Ration            |       |     2 ||     2
Armor: Skin              |    28 |    51 ||    79
Dodge: Dodged            |    87 |    74 ||   161
Block: Buckler           |       |    22 ||    22

Table legend:
 A = Spawn XP
 B = Non-spawn XP
 C = Spawn XP percentage of total XP
 D = Spawn monster count
 E = Non-spawn monster count
 F = Spawn count percentage of total count
 G = Total turns spent on level
                    A         B        C        D         E        F      G
               +---------+---------+-------+---------+---------+-------+---------
         Total |       0 |     727 |   0.0 |       0 |      73 |   0.0 |  3710
               +---------+---------+-------+---------+---------+-------+---------
           D:1 |       0 |      59 |   0.0 |       0 |      25 |   0.0 |   842
           D:2 |       0 |      48 |   0.0 |       0 |      19 |   0.0 |  1028
           D:3 |       0 |      48 |   0.0 |       0 |      16 |   0.0 |   784
           D:4 |       0 |     561 |   0.0 |       0 |       8 |   0.0 |   905
           D:5 |       0 |      11 |   0.0 |       0 |       5 |   0.0 |   151
               +---------+---------+-------+---------+---------+-------+---------
